 Dungeon Crawl Stone Soup version 0.27.1-37-g7b29ead8ac (webtiles) character file.

Game seed: 16228080602101953879

79 cbfl8 the Shield-Bearer (level 4, -9/40 HPs)
             Began as a Minotaur Fighter on June 5, 2023.
             Succumbed to Robin's poison
             ... on level 1 of the Dungeon.
             The game lasted 00:01:27 (1634 turns).

cbfl8 the Shield-Bearer (Minotaur Fighter)          Turns: 1634, Time: 00:01:28

Health: -9/40      AC:  7    Str: 20    XL:     4   Next: 16%
Magic:  3/3        EV:  7    Int:  5    God:
Gold:   57         SH: 10    Dex: 11    Spells: 3/3 levels left

rFire    . . .     SeeInvis .   a - +0 war axe
rCold    . . .     Faith    .   c - +1 kite shield
rNeg     . . .     Spirit   .   b - +0 scale mail
rPois    .         Reflect  .   (helmet restricted)
rElec    .         Harm     .   (no cloak)
rCorr    .         Rampage  .   (no gloves)
Will     .....                  (no boots)
Stlth    ..........             (no amulet)
HPRegen  0.13/turn              (no ring)
MPRegen  0.08/turn              (no ring)

@: lethally poisoned (-9 -> -40)
A: horns 2, retaliatory headbutt
a: no special abilities


You were on level 1 of the Dungeon.
You visited 1 branch of the dungeon, and saw 2 of its levels.

You collected 57 gold pieces.

Inventory:

Hand Weapons
 a - a +0 war axe (weapon)
Armour
 b - a +0 scale mail (worn)
 c - a +1 kite shield (worn)
Potions
 d - a potion of might
 g - a potion of heal wounds


   Skills:
 + Level 4.2 Fighting
 + Level 3.4 Axes
 + Level 4.1 Armour
 + Level 0.1 Stealth
 + Level 4.3 Shields
 * Level 1.1 Evocations


You had 3 spell levels left.
You didn't know any spells.
Your spell library contained the following spells:

 Spells                   Type           Power      Damage    Failure   Level
 Freeze                   Ice            0%         1d3       99%         1
 Slow                     Hex            0%         N/A       100%        2
 Confusing Touch          Hex            0%         N/A       100%        3
 Vampiric Draining        Necr           0%         2d6       100%        3


Dungeon Overview and Level Annotations

Branches:
Dungeon (2/15)

Altars:

Shops:
D:1 [

Annotations:
D:2 Robin


Innate Abilities, Weirdness & Mutations

You have a pair of horns on your head.
You reflexively headbutt those who attack you in melee.


Message History

You start resting.
HP restored.
You climb downwards.
Level annotation: Robin
There is a stone staircase leading up, spattered with blood here.
You slash the goblin!
You kill the goblin!
Unknown command.
You hit Robin.
Robin is moderately wounded.
Robin drinks a potion.
Robin flickers and vanishes!
Deactivating autopickup; reactivate with Ctrl-A.
Unknown command.
No target in view!
Unknown command.
No target in view!
Unknown command.
No target in view!
You miss something. Something hits you.
You are poisoned.
Something hits you.
You miss something.
You feel very sick. Something hits you.
You are lethally poisoned!
You closely miss something. You headbutt something.
You feel extremely sick. Something hits you but does no damage.
You are more poisoned.
Something hits you.
* * * LOW HITPOINT WARNING * * *
Unknown command.
* * * LOW HITPOINT WARNING * * *
You feel very sick. Something hits you.
* * * LOW HITPOINT WARNING * * *
You are more poisoned.
You climb upwards.
Reactivating autopickup.
You die...

......#.# #.#
....).#.#
#.##########
...####.#
#..........#
........#
##########.#
...###############
#.# ...#
#....)......# #.#
...# #.#########.#
#.# #.## #.# #(#
#.# #.# #.#
#######@# #.#
#.####.# #.....))#
#.# #.##...#
#.####..######.##
#.##.###
#.#.............#
#.##.#
#.#.##..#########
#.##.# #.......#
#.##.# #.#.###.#
#.##.# #.#.# #.#
#.##.# #.#.# #.#


There were no monsters in sight!

Vanquished Creatures
  Natasha (D:2)
  A dart slug (D:1)
  3 ball pythons
  2 endoplasms
  2 giant cockroaches
  6 hobgoblins
  4 quokkas
  4 bats
  A frilled lizard (D:2)
  13 goblins
  2 kobolds
  9 rats
48 creatures vanquished.

Vanquished Creatures (others)
  5 toadstools (D:1)
5 creatures vanquished.

Grand Total: 53 creatures vanquished

Notes
Turn   | Place    | Note
-------+----------+-------------------------------------------
     0 | D:1      | cbfl8 the Minotaur Fighter began the quest for the Orb.
     0 | D:1      | Reached XP level 1. HP: 19/19 MP: 0/0
   131 | D:1      | Found a faded altar of an unknown god.
   139 | D:1      | Got Plato's Guide on the Glacier
   228 | D:1      | Reached XP level 2. HP: 24/27 MP: 1/1
   374 | D:1      | Found Wisoat's Antique Armour Boutique.
  1052 | D:2      | Reached XP level 3. HP: 33/33 MP: 2/2
  1365 | D:2      | Noticed Natasha
  1365 | D:2      | Noticed Robin
  1489 | D:2      | Killed Natasha
  1490 | D:2      | Reached skill level 1 in Evocations
  1490 | D:2      | Reached XP level 4. HP: 30/40 MP: 3/3
  1633 | D:2      | HP: 2/40 [poisoned by Robin]
  1634 | D:1      | Succumbed to Robin's poison

Illustrated notes

Levels and vault maps discovered:
D:1:      ldierk_walled_garden, layout_basic,
          shapermc_ecumenical_altar_rom_forum, serial_shops,
          nicolae_shop_crystal, supply_closet_lemuel
D:2:      layout_loops_ring, uniq_natasha, uniq_robin

Skill      XL: |  1  2  3 |
---------------+----------+-----
Shields        | 4 |  4.3
Fighting       | 4 |  4.2
Armour         | 4 |  4.1
Axes           | 3 |  3.4
Evocations     | 1 |  1.1
Stealth        | |  0.1

Action                   |  1- 3 |  4- 6 || total
-------------------------+-------+-------++-------
Melee: War axe           |    78 |    15 ||    93
       Headbutt          |    14 |     2 ||    16
  Use: Scroll            |     7 |       ||     7
Armor: Scale mail        |    28 |     6 ||    34
Dodge: Dodged            |    29 |     2 ||    31
Block: Kite shield       |    36 |     9 ||    45
